 Dungeon Crawl Stone Soup version 0.30-a0-860-g512cf1e979 (webtiles) character file.

Game seed: 2127262374604630951

221 Ge0ff the Cutter (level 5, -4/49 HPs)
             Began as a Naga Fighter on Mar 8, 2023.
             Was a Follower of Uskayaw.
             Splashed by a jelly's acid (7 damage)
             ... on level 4 of the Dungeon.
             The game lasted 00:07:52 (3333 turns).

Ge0ff the Cutter (Naga Fighter)                     Turns: 3333, Time: 00:07:52

Health: -4/49      AC:  0    Str: 19    XL:     5   Next: 98%
Magic:  5/5        EV:  7    Int:  8    God:    Uskayaw [*.....]
Gold:   224        SH:  4    Dex: 12    Spells: 4/4 levels left

rFire   . . .      SeeInvis +    a - +0 rapier
rCold   . . .      Faith    .    Q - +0 buckler
rNeg    . . .      Spirit   .    Y - +0 scale mail
rPois   +          Reflect  .    (no helmet)
rElec   .          Rampage  .    R - +0 cloak
rCorr   .                        S - +0 pair of gloves
Will    .....                    (no barding) Stlth
                                 (no amulet)
HPRegen 0.28/turn                (no ring)
MPRegen 0.09/turn                (no ring)

@: corroded, very slow
A: AC +1, large, see invisible, deformed body, poison resistance, slowness 2,
spit poison 1, naga tail 1
a: Spit Poison, Renounce Religion, Stomp


You were on level 4 of the Dungeon.
You worshipped Uskayaw.
Uskayaw was noncommittal.
You visited 2 branches of the dungeon, and saw 5 of its levels.

You collected 224 gold pieces.

Inventory:

Hand Weapons
 a - a +0 rapier (weapon)
 b - a +1 dagger of speed
 c - a +0 short sword of speed
Armour
 Q - a +0 buckler (worn)
 R - a +0 cloak (worn)
 S - a +0 pair of gloves (worn)
 X - the +2 ring mail of Ziqomaj {-Cast rElec rN+++ Str-3}
   (You found it on level 4 of the Dungeon)

   Str:       It affects your strength (-3).
   rElec:     It insulates you from electricity.
   rN:        It renders you almost immune to negative energy.
   -Cast:     It prevents spellcasting.
 Y - a +0 scale mail (worn)
Wands
 P - a wand of polymorph (2)
Scrolls
 i - 2 scrolls of identify
Potions
 z - a potion of brilliance
 A - 2 potions of attraction
 M - a potion of might
 T - a potion of flight {unknown}
 U - a potion of invisibility {unknown}
 V - a potion of heal wounds {unknown}
 W - a potion of lignification {unknown}
 Z - a potion of cancellation {unknown}


   Skills:
 - Level 3.0 Fighting
 + Level 5.0 Short Blades
 - Level 3.0 Armour
 - Level 1.0 Dodging
 - Level 2.0 Stealth
 - Level 3.0 Shields
 + Level 0.1 Evocations


You had 4 spell levels left.
You didn't know any spells.
Your spell library contained the following spells:

 Spells                   Type           Power      Damage    Failure   Level
 Hailstorm                Conj/Ice       0%         3d3       99%         3
 Ice Form                 Ice/Tmut       0%         N/A       100%        4
 Iskenderun's Battlesphe  Conj           0%         2d6       100%        5
 Metabolic Englaciation   Hex/Ice        0%         N/A       100%        5
 Summon Mana Viper        Hex/Summ       0%         N/A       100%        5
 Iron Shot                Conj/Erth      0%         9d1       100%        6
 Simulacrum               Ice/Necr       0%         N/A       100%        6
 Enfeeble                 Hex            0%         N/A       100%        7
 Spellforged Servitor     Conj/Summ      0%         N/A       100%        7


Dungeon Overview and Level Annotations

Branches:
Dungeon (4/15) Zot: 19860  Temple (1/1) D:4 Zot: 5763

Altars:
Ashenzari
Cheibriados
Gozag
Kikubaaqudgha
Makhleb
Ru
Trog
Uskayaw
Vehumet
Xom
Yredelemnul
The Shining One

Shops:
D:3 :


Innate Abilities, Weirdness & Mutations

Your serpentine skin is tough. (AC +1)
You have supernaturally acute eyesight. (SInv)
Armour fits poorly on your strangely shaped body.
Your system is resistant to poisons. (rPois)
You cover ground very slowly.
You can spit poison.
You have a snake-like lower body.


Message History

Stop for All is ON
(D) Dungeon (T) Temple
Where to? (Enter - D:4, ? - help) (A) Ashenzari (C) Cheibriados (G) Gozag (K) Kikubaaqudgha (M) Makhleb (R) Ru (T) Trog (U) Uskayaw (V) Vehumet (X) Xom (Y) Yredelemnul (1) TSO Go to which altar? (? - help)
There is a hide-covered altar of Uskayaw here.
You coil in front of the altar of Uskayaw.
You coil in front of the altar of Uskayaw.
Uskayaw welcomes you!
(D) Dungeon (T) Temple
Where to? (Enter - Temple @ (x,y), ? - help)
There is a staircase back to the Dungeon here.
You climb upwards.
Welcome back to the Dungeon!
The kobold closely misses you. The jelly closely misses you.
There is a staircase to the Ecumenical Temple here.
There are monsters nearby!
You hit the jelly.
Your hands burn!
The jelly is moderately wounded.
You block the kobold's attack. The jelly hits you. The acid corrodes you!
You are splashed with acid!
You hit the jelly.
Your hands burn!
The jelly is moderately wounded.
The kobold hits you with a +0 dagger. The jelly hits you.
You are splashed with acid!
You hit the jelly.
Your hands burn!
The jelly is severely wounded.
The kobold hits you but does no damage. The jelly hits you but does no damage.
You can now stomp with the beat.
Okay, then.
You hit the jelly.
Your hands burn!
The jelly is almost dead.
The kobold hits you with a +0 dagger.
* * * LOW HITPOINT WARNING * * *
The jelly hits you.
* * * LOW HITPOINT WARNING * * *
You are splashed with acid.
* * * LOW HITPOINT WARNING * * *
You hit the jelly.
Your hands burn!
* * * LOW HITPOINT WARNING * * *
The jelly is almost dead.
The kobold hits you with a +0 dagger.
* * * LOW HITPOINT WARNING * * *
The jelly hits you.
* * * LOW HITPOINT WARNING * * *
The acid corrodes you!
You are splashed with acid!
You die...

#.# ##.# #.##
..#.##
#.........#
######..##.....
...............
#...⌠......#
#.......#.# #
#.⌠K@.⌠.#.##.#
#...J........#
#...⌠...#.####
#+# #########.#
#.# #.# #.# #.#
##.#
#.########...
#......##....
######.###...


You could see a jelly and a kobold.

Vanquished Creatures
  A scorpion (D:4)
  Ijyb (D:4)
  5 adders
  11 dart slugs
  3 orcs
  7 ball pythons
  2 endoplasms
  3 giant cockroaches
  11 goblins
  4 hobgoblins
  5 quokkas
  5 bats
  2 frilled lizards
  A kobold (D:1)
  3 rats
64 creatures vanquished.

Notes
Turn   | Place    | Note
-------+----------+-------------------------------------------
     0 | D:1      | Ge0ff the Naga Fighter began the quest for the Orb.
     0 | D:1      | Reached XP level 1. HP: 21/21 MP: 1/1
   142 | D:1      | Reached skill level 1 in Stealth
   201 | D:1      | Reached XP level 2. HP: 28/28 MP: 2/2
   953 | D:2      | Reached XP level 3. HP: 29/34 MP: 3/3
  1035 | D:2      | Reached skill level 3 in Short Blades
  1161 | D:2      | Reached XP level 4. HP: 42/42 MP: 4/4
  1783 | D:2      | Found a faded altar of an unknown god.
  1838 | D:3      | Got the Exposition on Guile
  2007 | D:3      | Reached skill level 4 in Short Blades
  2065 | D:3      | Found a broken altar of Ashenzari.
  2069 | D:3      | Saw a vision of the Shoals and the Snake Pit.
  2069 | D:3      | Noticed a merfolk aquamancer
  2069 | D:3      | Noticed a merfolk siren
  2069 | D:3      | Noticed a shock serpent
  2069 | D:3      | Noticed a snapping turtle
  2069 | D:3      | Noticed a snapping turtle
  2069 | D:3      | Noticed a merfolk avatar
  2069 | D:3      | Noticed a water nymph
  2069 | D:3      | Noticed a naga sharpshooter
  2069 | D:3      | Noticed a naga sharpshooter
  2069 | D:3      | Noticed a snapping turtle
  2069 | D:3      | Noticed a merfolk
  2069 | D:3      | Noticed a merfolk
  2069 | D:3      | Noticed an anaconda
  2069 | D:3      | Noticed a sea snake
  2069 | D:3      | Noticed a naga
  2069 | D:3      | Noticed a sea snake
  2069 | D:3      | Noticed a sea snake
  2069 | D:3      | Noticed a black mamba
  2069 | D:3      | Noticed a salamander
  2069 | D:3      | Noticed a skyshark
  2069 | D:3      | Noticed a naga
  2105 | D:3      | Reached XP level 5. HP: 36/49 MP: 5/5
  2157 | D:3      | Found a snail-covered altar of Cheibriados.
  2178 | D:3      | Found a sacrificial altar of Ru.
  2188 | D:3      | Found an opulent altar of Gozag.
  2401 | D:3      | Found Jidaz's Book Emporium.
  2665 | D:4      | Identified the +2 ring mail of Ziqomaj {-Cast rElec rN+++
                  | Str-3}
  2724 | D:4      | Noticed Ijyb
  2748 | D:4      | Killed Ijyb
  3051 | D:4      | Reached skill level 5 in Short Blades
  3051 | D:4      | Reached skill level 1 in Dodging
  3151 | D:4      | Found a staircase to the Ecumenical Temple.
  3158 | Temple   | Entered the Ecumenical Temple
  3316 | Temple   | Became a worshipper of Uskayaw the Reveller
  3331 | D:4      | Reached * piety under Uskayaw
  3333 | D:4      | Splashed by a jelly's acid

Illustrated notes

Levels and vault maps discovered:
D:1:      psy_arrival_spokes, layout_basic
D:2:      layout_loops_ring, shapermc_ecumenical_altar_mp_vishouse
D:3:      kennysheep_slugbush, layout_basic, mainiacjoe_overflow_brackets,
          grunt_ashenzari_visionary [grunt_ashenzari_visionary_shoals,
          grunt_ashenzari_visionary_snake], mainiacjoe_overflow_alcove_2,
          cheibriados_altar_1, serial_shops, shop_statue,
          minmay_misc_feat_square
D:4:      layout_loops_corners, minitemple,
          nicolae_dithmenos_through_a_glass_darkly, temple_fountains,
          grunt_ministairs_8, minmay_box_of_dots, uniq_ijyb, uniq_eustachio
Temple:   hellmonk_temple_forest_ring

Skill      XL: |  1  2  3  4  5 |
---------------+----------------+-----
Stealth        | 2 |  2.0
Armour         | 3 |  3.0
Short Blades   | 3 4 5 |  5.0
Dodging        | 1 |  1.0
Shields        | 3 |  3.0
Fighting       | |  3.0
Evocations     | |  0.1

Action                     |  1- 3 |  4- 6 || total
---------------------------+-------+-------++-------
  Melee: Rapier            |    48 |    85 ||   133
         Unarmed           |       |     7 ||     7
Ability: Spit Poison       |    24 |    35 ||    59
    Use: Scroll            |     2 |     1 ||     3
 Armour: Scale mail        |    19 |    33 ||    52
         Skin              |       |    13 ||    13
  Dodge: Dodged            |    14 |    22 ||    36
  Block: Buckler           |     7 |    20 ||    27

Table legend: (Time is in decaauts)
 A = Elapsed time spent in this place.
 B = Non-inter-level travel time spent in this place.
 C = Inter-level travel time spent in this place.
 D = Time resting spent in this place.
 E = Time spent auto-exploring this place.
 F = Levels seen in this place.
 G = Mean time per level.
                   A        B        C        D        E       F      G
               +--------+--------+--------+--------+--------+-----+--------+
         Total |   4374 |   4080 |    294 |      3 |   3433 |   5 |  874.8 |
       Dungeon |   4138 |   3883 |    255 |      3 |   3248 |   4 | 1034.5 |
        Temple |    236 |    198 |     38 |      0 |    184 |   1 |  236.0 |
               +--------+--------+--------+--------+--------+-----+--------+

Top non-repeatable levels by time:
     D:2: 1344 daAuts
     D:1: 1262 daAuts
     D:3: 946 daAuts
     D:4: 584 daAuts
  Temple: 236 daAuts
